 Dungeon Crawl Stone Soup version 0.19.4-8-ga85b6b9 (webtiles) character file.

417 Naksu the Cudgeler (level 6, -6/56 HPs)
             Began as a Hill Orc Monk on Feb 10, 2017.
             Was a Believer of Beogh.
             Mangled by an ogre
             ... wielding a +0 giant spiked club
              (12 damage)
             ... on level 4 of the Dungeon.
             The game lasted 00:12:13 (2752 turns).

Naksu the Cudgeler (Hill Orc Monk)                  Turns: 2752, Time: 00:12:14

Health: -6/56      AC:  6    Str: 16    XL:     6   Next: 92%
Magic:  6/6        EV:  9    Int: 10    God:    Beogh [**....]
Gold:   163        SH:  8    Dex: 13    Spells: 0 memorised, 5 levels left

rFire  . . .     SeeInvis .     e - +2 whip (venom)
rCold  . . .     Gourm    .     h - +0 ring mail
rNeg   . . .     Faith    .     w - +0 shield
rPois  .         Spirit   .     t - +0 helmet
rElec  .         Reflect  .     (no cloak)
rCorr  .         Harm     .     (no gloves)
MR     .....                    (no boots)
Stlth  +.........               (no amulet)
                                (no ring)
                                (no ring)

@: no status effects
A: no striking features
a: Smiting, Renounce Religion


You were on level 4 of the Dungeon.
You worshipped Beogh.
Beogh was pleased with you.
You were not hungry.

You visited 1 branch of the dungeon, and saw 4 of its levels.

You collected 163 gold pieces.

Inventory:

Hand Weapons
 a - a +0 mace
 e - a +2 whip of venom (weapon)
 u - a +1 vampiric falchion
 y - a +0 club
Armour
 b - a +0 robe
 h - a +0 ring mail (worn)
 l - a +0 chain mail
 o - a +0 scale mail
 t - a +0 helmet (worn)
 w - a +0 shield (worn)
Jewellery
 f - an uncursed ring of teleportation
Wands
 x - a wand of slowing (32/48)
Scrolls
 d - a scroll of recharging
 g - 5 scrolls of identify
 i - 3 scrolls of enchant weapon
 j - 3 scrolls of remove curse
 m - a scroll of immolation
 q - a scroll of magic mapping
Potions
 n - a potion of beneficial mutation {unknown}
 p - a potion of curing {unknown}
 r - a potion of heal wounds {unknown}
 s - 2 potions of haste {unknown}
 v - a potion of brilliance {unknown}
Books
 k - a book of Changes

   Spells                             Type                      Level
   a - Beastly Appendage              Transmutation                1
   b - Sticks to Snakes               Transmutation                2
   c - Spider Form                    Transmutation/Poison         3
   d - Ice Form                       Ice/Transmutation            4
   e - Blade Hands                    Transmutation                5
Comestibles
 c - 2 bread rations


   Skills:
 + Level 5.0 Fighting
 + Level 5.7 Maces & Flails
 + Level 2.4 Armour
 + Level 3.2 Dodging
 + Level 2.0 Stealth
 + Level 2.1 Shields


You had 5 spell levels left.
You didn't know any spells.

Dungeon Overview and Level Annotations

Branches:
Dungeon (4/15)
 Temple: D:4-7

Altars:
Cheibriados
Fedhas


Message History

The iguana bites you!
You hit the iguana.
The iguana looks as sick as possible!
The iguana is severely wounded.
The iguana completely misses you.
You hit the iguana but do no damage.
The iguana looks as sick as possible!
The iguana is almost dead.
You kill the iguana!
Beogh accepts your kill.
An ogre comes into view. It is wielding a giant spiked club.
The ogre shouts!
The ogre hits you with a giant spiked club!!
Ouch! That really hurt!
* * * LOW HITPOINT WARNING * * *
You closely miss the ogre. You block the ogre's attack.
Your shield and ring mail prevent you from hitting the ogre.
Your shield and ring mail prevent you from hitting the ogre.
The ogre misses you.
There is a stone staircase leading down here.
The ogre hits you with a giant spiked club!
You die...

.# ###..## #.#### .# #..# #.# .#
#..## ##.## .# #...# #.#.# .#
#.#># #..##### ##.# #.#.#
#......# #..# ####.#.####.###.#
.(## #.O.....# #.# # ..####
#@##.#..###.###.## .....#
#.##.#...........# ..##.#
#.##.#.......##..# ..##.#
#.##.#..###..##..# ..##.#
#.##.#..# #..##..# ..##.#####
#.......# #..##..#
.........########[###.####..##..#
..............(...# #............
.###.###.########.###.#######.#.#


You could see an ogre.

Vanquished Creatures
  A phantom (D:4)
  An ogre (D:4)
  2 orc wizards (D:3)
  An iguana (D:4)
  A worker ant (D:4)
  4 gnolls
  5 adders
  An ooze (D:1)
  2 worms
  2 dart slugs
  2 leopard geckos
  5 orcs (D:3)
  A ball python (D:2)
  3 giant cockroaches
  8 goblins
  5 hobgoblins
  6 jackals
  5 quokkas
  6 bats
  3 frilled lizards
  8 kobolds
  7 rats
79 creatures vanquished.

Notes
Turn   | Place    | Note
-------+----------+-------------------------------------------
     0 | D:1      | Naksu the Hill Orc Monk began the quest for the Orb.
     0 | D:1      | Reached XP level 1. HP: 19/19 MP: 1/1
    91 | D:1      | Reached XP level 2. HP: 15/27 MP: 2/2
   350 | D:1      | Reached XP level 3. HP: 24/33 MP: 3/3
   689 | D:2      | Reached XP level 4. HP: 27/40 MP: 4/4
   772 | D:2      | Found a blossoming altar of Fedhas.
  1683 | D:3      | Reached XP level 5. HP: 17/47 MP: 5/5
  1688 | D:3      | Reached skill level 5 in Maces & Flails
  1688 | D:3      | Reached skill level 1 in Armour
  2015 | D:3      | Became a worshipper of Beogh the Brigand
  2015 | D:3      | Reached * piety under Beogh
  2015 | D:3      | Reached ** piety under Beogh
  2250 | D:4      | Noticed a phantom
  2260 | D:4      | Noticed an ogre
  2282 | D:4      | Killed an ogre
  2282 | D:4      | Reached skill level 1 in Shields
  2282 | D:4      | Reached XP level 6. HP: 52/55 MP: 6/6
  2354 | D:4      | Killed a phantom
  2426 | D:4      | Reached skill level 5 in Fighting
  2633 | D:4      | Found a snail-covered altar of Cheibriados.
  2724 | D:4      | HP: 1/56 [ogre/giant spiked club (30)]
  2752 | D:4      | Mangled by an ogre

Skill      XL: |  1  2  3  4  5  6 |
---------------+-------------------+-----
Fighting       | 4 5 |  5.0
Maces & Flails | 4 5 |  5.7
Armour         | 1 2 |  2.4
Stealth        | 2 |  2.0
Shields        | 1 2 |  2.1
Dodging        | 3 |  3.2

Action                   |  1- 3 |  4- 6 || total
-------------------------+-------+-------++-------
Melee: Whip              |    97 |   183 ||   280
       Mace              |     7 |       ||     7
Invok: Convert to Beogh  |       |     1 ||     1
       Smiting           |       |     1 ||     1
  Use: Scroll            |     1 |     7 ||     8
       Potion            |       |     1 ||     1
 Stab: Sleeping          |     3 |       ||     3
  Eat: Chunk             |       |     4 ||     4
       Bread ration      |       |     1 ||     1
Armor: Robe              |    16 |       ||    16
       Ring mail         |    17 |    74 ||    91
       Skin              |       |     1 ||     1
Dodge: Dodged            |    59 |    50 ||   109
Block: Shield            |       |    60 ||    60
